 Dungeon Crawl Stone Soup version 0.17-a0-1150-g17b0b87 (webtiles) character file.

245626 Kolbur the Impaler (level 18, -4/146 HPs)
             Began as a Mummy Fire Elementalist on May 27, 2015.
             Was the Champion of Vehumet.
             Killed from afar by a battlesphere (23 damage)
             ... created by a tengu reaver
             ... on level 1 of the Vaults.
             The game lasted 07:38:45 (34963 turns).

Kolbur the Impaler (Mummy Fire Elementalist)       Turns: 34963, Time: 07:38:45

Health: -4/146     AC: 29    Str: 11    XL:     18   Next: 77%
Magic:  3/27       EV: 17    Int: 24    God:    Vehumet [******]
Gold:   1376       SH:  0    Dex: 15    Spells: 6 memorised, 5 levels left

rFire  + . .     SeeInvis +     a - +8 glaive of the Guard {elec, +Rage AC+5 SInv}
rCold  . . .     Clarity  .     M - +5 swamp dragon armour
rNeg   + + +     SustAt   .     (no shield)
rPois  ∞         Gourm    .     s - +1 helmet
rElec  .         Spirit   .     G - +2 cloak
rCorr  .         Warding  .     u - +2 pair of gloves of Limited Liability {rF+ Int+4}
rMut   .         Stasis   .     q - +0 pair of boots
MR     ++...                    C - amulet of regeneration
Stlth  +.........               B - ring of Jaeq {Fire Slay+3}
                                w - ring of wizardry

@: very slightly contaminated, very resistant to hostile enchantments, very
unstealthy
A: no food or potions, fire vulnerability, cold resistance 1, negative energy
resistance 3, torment resistance, unbreathing, in touch with death 1, restore
body
a: Self-Restoration, Renounce Religion
}: 2/15 runes: decaying, serpentine


You were on level 1 of the Vaults.
You worshipped Vehumet.
Vehumet was exalted by your worship.
You were not hungry.

You visited 6 branches of the dungeon, and saw 36 of its levels.
You also visited: Bailey.

You collected 3712 gold pieces.
You spent 2336 gold pieces at shops.

Inventory:

Hand weapons
 a - the +8 glaive of the Guard (weapon) {elec, +Rage AC+5 SInv}
   (You found it on level 8 of the Dungeon)

   Occasionally, upon striking a foe, it will discharge some electrical energy
   and cause terrible harm.
   It affects your AC (+5).
   It lets you see invisible.
   It lets you go berserk.
 b - a +0 blowgun
Missiles
 c - 6 tomahawks
 k - 831 stones (quivered)
 y - 76 poisoned needles
 E - 5 curare-tipped needles
Armour
 q - a +0 pair of boots (worn)
 s - a +1 helmet (worn)
 u - the +2 pair of gloves of Limited Liability (worn) {rF+ Int+4}
   (You bought it in a shop on level 4 of the Orcish Mines)

   It affects your intelligence (+4).
   It protects you from fire.
 G - a +2 cloak (worn)
 M - a +5 swamp dragon armour (worn)
Jewellery
 f - an uncursed ring of protection from fire
 p - an uncursed ring of flight
 w - a ring of wizardry (left hand)
 B - the ring of Jaeq (right hand) {Fire Slay+3}
   (You found it on level 6 of the Dungeon)

   [ring of fire]

   It enhances your fire magic, and weakens your ice magic.
   It affects your accuracy and damage with ranged weapons and melee attacks
   (+3).
   It protects you from fire.
   It makes you vulnerable to cold.
 C - an amulet of regeneration (around neck)
 O - an uncursed ring of protection from cold
Magical devices
 d - a wand of fire (8)
 e - a wand of polymorph (12)
 h - a wand of hasting (4)
 o - a wand of enslavement (15)
 r - a wand of draining (7)
 x - a wand of lightning (10)
 A - a wand of polymorph (13)
 I - a wand of paralysis (12)
 J - a wand of lightning (12)
 K - a wand of heal wounds (4)
 T - a wand of cold (3)
 Z - a wand of fire (7)
Scrolls
 i - a scroll of identify
 l - 2 scrolls of blinking
 m - 2 scrolls of torment
 n - 4 scrolls of immolation
 t - 10 scrolls of teleportation
 D - 4 scrolls of fear
 Q - 3 scrolls of fog
 R - 8 scrolls of remove curse
 W - 3 scrolls of magic mapping
Miscellaneous
 v - a fan of gales (inert)
 F - a phial of floods (inert)
 S - a lamp of fire
 X - a phantom mirror


   Skills:
 - Level 14.0 Fighting
 + Level 17.4 Polearms
 - Level 6.6 Armour
 - Level 12.0 Dodging
 - Level 2.1 Stealth
 - Level 6.0 Spellcasting
 + Level 10.6 Conjurations
 + Level 9.7 Fire Magic


You had 5 spell levels left.
You knew the following spells:

 Your Spells              Type           Power        Failure   Level  Hunger
a - Flame Tongue          Conj/Fire      #####        1%          1    N/A
b - Bolt of Fire          Conj/Fire      ######....   5%          6    N/A
c - Conjure Flame         Conj/Fire      ######..     1%          3    N/A
f - Fireball              Conj/Fire      ######....   1%          5    N/A
i - Iskenderun's Battles  Conj/Chrm      ####....     10%         5    N/A
s - Sticky Flame          Conj/Fire      ######..     1%          4    N/A

Dungeon Overview and Level Annotations

Branches:
Dungeon (15/15)            Temple (0/1) D:6            Lair (8/8) D:11
  Swamp (4/4) Lair:5        Snake (4/4) Lair:5        Slime (0/6) Lair:8
    Orc (4/4) D:12            Elf (0/3) Orc:3        Vaults (1/5) D:14
 Depths (0/5) D:15

Altars:
Dithmenos
Elyvilon
Fedhas
Okawaru
Ru
Sif Muna
Vehumet
Yredelemnul
Zin
The Shining One
Beogh
Jiyva

Shops:
D:8 (   D:12 *   Orc:1 [   Orc:4 =*([   Snake:3 (   Snake:4 %}%?

Annotations:
D:15 exclusion: Roxanne, Roxanne
Snake:3 Nikola
Orc:3 Rupert


Innate Abilities, Weirdness & Mutations

You do not eat or drink.
Your flesh is vulnerable to fire.
You are immune to poison.
Your flesh is cold resistant.
You are immune to negative energy.
You are immune to unholy pain and torment.
You can survive without breathing.
You are in touch with the powers of death.
You can restore your body by infusing magical energy.


Message History

Unknown command.
Unknown command.
Unknown command.
Unknown command.
Unknown command.
You are too injured to fight recklessly!
Attack whom?
Press: ? - help, Dir - move target cursor, f/p - tengu reaver
Aim: a tengu reaver, wielding a great mace and wearing a scale mail (lightly wounded)
You reach to attack!
The vampire mosquito buzzes angrily.
You slash the tengu reaver!
There is a sudden explosion of sparks!
The tengu reaver is heavily wounded.
Your air elemental is engulfed in a cloud of scalding steam.
Your air elemental completely misses the tengu reaver.
The tengu reaver casts a spell at you. The bolt of lightning hits you!
* * * LOW HITPOINT WARNING * * *
The battlesphere fires!
The barrage of energy hits you!
You die...

#)##### )))...# ..#..
......# .).. ......# ..)#
......# ... ......# ..#
......# ..#
###(##############''#####
#.()...(......@)QE§≈≈..
###).............).≈(≈...
..'.......y..............
..#...............*......
..#......................
..#.....####(############
..#.....# #().........#
..#.....# #())).......#
..#.....# #.....(.....#


You could see a tengu reaver, a vampire mosquito and a friendly air elemental.

Vanquished Creatures
  Vashnia (Snake:4)
  Jorgrun (Snake:4)
  A thorn hunter (Swamp:4)
  7 greater nagas (Snake:4)
  Maud (Orc:3)
  2 orc warlords
  Aizul (Snake:4)
  Nessos (D:15)
  5 dire elephants (Lair:8)
  14 naga warriors
  27 hydras
  A rakshasa (Vaults:1)
  A ghost crab (Swamp:3)
  2 ogre magi (Vaults:1)
  6 centaur warriors
  3 death yaks
  11 anacondas
  6 alligators
  The ghost of glau the Thaumaturge, a powerful HEWz of Vehumet (D:11)
  4 orc high priests (Orc:4)
  16 naga sharpshooters
  10 shock serpents
  The ghost of Vikmgn the Carver, an experienced OpFi of Dithmenos (D:9)
  2 sea snakes (Snake:1)
  A fire crab (shapeshifter) (Vaults:1)
  4 salamander mystics
  4 skeletal warriors
  A wizard (Vaults:1)
  A deep troll (Vaults:1)
  A spectral anaconda (Swamp:3)
  10 naga ritualists
  2 spriggan druids
  10 swamp dragons
  2 shambling mangroves
  6 orc knights
  An ironbrand convoker (Vaults:1)
  A giant orange brain (Vaults:1)
  An unseen horror (D:15)
  8 oklob plants (Lair:7)
  6 hill giants
  5 mana vipers
  3 griffons
  10 ugly things
  3 cyclopes
  5 orc sorcerers (Orc:4)
  16 salamanders
  46 black mambas
  2 guardian serpents
  20 elephants
  23 spiny frogs
  A torpor snail (Lair:6)
  A gargoyle (D:14)
  3 centaur zombies
  32 naga magi
  A spiny frog (shapeshifter) (D:12)
  2 centaur skeletons
  3 yaktaurs
  3 fire drakes
  A redback zombie (D:15)
  7 komodo dragons
  4 kobold demonologists (D:15)
  2 tengu conjurers (D:15)
  A freezing wraith (D:14)
  6 polar bears
  A two-headed ogre (shapeshifter) (D:14)
  9 giant leeches
  A queen bee (Lair:6)
  22 slime creatures
  Prince Ribbit (D:8)
  11 trolls
  16 bog bodies
  A boulder beetle (Vaults:1)
  A snapping turtle (shapeshifter) (D:13)
  A two-headed ogre (D:15)
  10 blink frogs
  A raiju (shapeshifter) (D:14)
  2 deep elf magi
  25 ravens
  5 shadows
  3 spriggans
  Sigmund (D:6)
  A vampire (D:15)
  The ghost of totalnoob the Skirmisher, an average NaFi (D:3)
  A spriggan (shapeshifter) (D:15)
  3 wyverns
  41 yaks
  Grum (D:8)
  A wraith (D:13)
  A centaur simulacrum (D:15)
  A human (D:8)
  7 hippogriffs
  2 redback simulacra
  A hungry ghost (D:15)
  The ghost of Virusyak the Firebug, an average DsFE (D:4)
  10 insubstantial wisps
  47 nagas
  16 vampire mosquitoes
  7 wolves
  2 wargs
  20 swamp worms
  11 water moccasins
  12 porcupines
  8 swamp drakes
  4 sky beasts
  4 wasps
  2 eyes of draining
  5 ice beasts
  5 black bears
  A salamander simulacrum (Vaults:1)
  43 orc warriors
  3 boggarts (D:14)
  15 centaurs
  2 phantoms
  14 ogres
  20 crocodiles
  4 big kobolds
  20 giant frogs
  2 brain worms
  A gnoll sergeant (D:6)
  A wyvern zombie (D:8)
  4 scorpions
  29 killer bees
  A vampire bat (D:4)
  10 crimson imps
  7 electric eels
  A giant frog zombie (D:8)
  2 quasits (D:15)
  27 orc priests
  8 hounds
  4 jellies
  34 orc wizards
  4 giant frog skeletons
  12 iguanas
  6 hell rats (Lair:5)
  13 worker ants
  34 sheep
  A hound zombie (D:9)
  3 hound skeletons
  2 worker ant zombies
  9 adders
  7 gnolls
  98 river rats
  3 shadow imps
  3 oozes
  4 adder skeletons
  A worm (D:4)
  3 giant geckos
  211 orcs
  2 bat skeletons
  27 goblins
  25 hobgoblins
  12 jackals
  5 quokkas
  2 ball pythons
  27 bats
  4 giant cockroaches
  6 giant newts
  A jackal skeleton (D:8)
  21 kobolds
  17 rats
  11 plants
1537 creatures vanquished.

Vanquished Creatures (collateral kills)
  A naga sharpshooter (Snake:4)
  A mana viper (Snake:2)
  A naga mage (Snake:4)
3 creatures vanquished.

Vanquished Creatures (others)
  A naga mage (Snake:4)
  4 water elementals
  2 fire elementals
  2 swamp drakes (Swamp:4)
  A centaur (Vaults:1)
  5 fungi
  2 plants
17 creatures vanquished.

Grand Total: 1557 creatures vanquished

Notes
Turn   | Place    | Note
--------------------------------------------------------------
     0 | D:1      | Kolbur the Mummy Fire Elementalist began the quest for the Orb.
     0 | D:1      | Reached XP level 1. HP: 13/13 MP: 3/3
    90 | D:1      | Reached skill level 1 in Conjurations
   231 | D:1      | Reached XP level 2. HP: 19/19 MP: 3/5
   237 | D:1      | Learned a level 2 spell: Throw Flame
   606 | D:1      | Reached XP level 3. HP: 21/24 MP: 4/6
   633 | D:1      | Learned a level 3 spell: Conjure Flame
  1319 | D:2      | Found a blossoming altar of Fedhas.
  1533 | D:2      | Reached XP level 4. HP: 22/30 MP: 7/7
  1909 | D:3      | Reached skill level 3 in Fire Magic
  2002 | D:3      | Noticed totalnoob's ghost (average NaFi)
  2065 | D:3      | Killed totalnoob's ghost
  2065 | D:3      | Reached XP level 5. HP: 36/40 MP: 0/8
  2185 | D:3      | Found a shadowy altar of Dithmenos.
  2558 | D:4      | Reached XP level 6. HP: 44/46 MP: 5/9
  2674 | D:4      | Reached skill level 4 in Conjurations
  2768 | D:4      | Found a radiant altar of Vehumet.
  2801 | D:4      | Became a worshipper of Vehumet
  2917 | D:4      | Noticed Virusyak's ghost (average DsFE)
  2924 | D:4      | Killed Virusyak's ghost
  2924 | D:4      | Reached skill level 1 in Polearms
  3044 | D:4      | Reached XP level 7. HP: 49/52 MP: 3/10
  3125 | D:4      | Found a blossoming altar of Fedhas.
  3688 | D:4      | Acquired Vehumet's first power
  3688 | D:4      | Offered knowledge of Freeze by Vehumet.
  3857 | D:4      | Found an iron altar of Okawaru.
  3915 | D:4      | Learned a level 4 spell: Sticky Flame
  3931 | D:5      | Entered Level 5 of the Dungeon
  4482 | D:5      | Found a glowing silver altar of Zin.
  4656 | D:6      | Noticed Sigmund
  4692 | D:6      | Reached XP level 8. HP: 51/58 MP: 8/11
  4833 | D:6      | Offered knowledge of Sandblast by Vehumet.
  5068 | D:6      | Got a pitted lapis lazuli ring
  5070 | D:6      | Identified the ring of Jaeq {Fire Slay+3} (You found it on level 6 of the Dungeon)
  5148 | D:6      | Reached skill level 5 in Fire Magic
  5173 | D:6      | Reached skill level 5 in Conjurations
  5476 | D:6      | Found a staircase to the Ecumenical Temple.
  5761 | D:6      | Offered knowledge of Mephitic Cloud by Vehumet.
  6575 | D:8      | Acquired Vehumet's second power
  6757 | D:8      | Reached XP level 9. HP: 53/63 MP: 10/15
  6765 | D:8      | Reached skill level 6 in Fire Magic
  6791 | D:8      | Found a flagged portal.
  6808 | D:8      | Offered knowledge of Force Lance by Vehumet.
  6819 | Bailey   | Entered a bailey
  7185 | Bailey   | Noticed an orc knight
  7282 | D:6      | Killed Sigmund
  7459 | D:7      | Reached skill level 5 in Polearms
  7521 | D:8      | Noticed Grum
  7602 | D:8      | Killed Grum
  7612 | D:8      | Got a jewelled leather armour
  7638 | D:8      | Identified the +2 leather armour "Miby" {Slay+3} (You found it on level 8 of the Dungeon)
  7701 | D:8      | Noticed Prince Ribbit
  7705 | D:8      | Killed Prince Ribbit
  7717 | D:8      | Found a white marble altar of Elyvilon.
  7738 | D:8      | Acquired Vehumet's third power
  7800 | D:8      | Reached XP level 10. HP: 71/71 MP: 16/16
  7829 | D:8      | Killed an orc knight
  7829 | D:8      | Reached skill level 7 in Polearms
  7958 | D:8      | Found Tuqeage's Weapon Shop.
  7981 | D:8      | Offered knowledge of Lee's Rapid Deconstruction by Vehumet.
  8238 | D:9      | Noticed a cyclops
  8244 | D:9      | Killed a cyclops
  8244 | D:9      | Reached skill level 8 in Polearms
  8251 | D:9      | Found a basalt altar of Yredelemnul.
  8428 | D:9      | Noticed a centaur warrior
  8551 | D:9      | Noticed Vikmgn's ghost (experienced OpFi)
  8559 | D:9      | Killed Vikmgn's ghost
  8559 | D:9      | Reached skill level 9 in Polearms
  8847 | D:9      | Killed a centaur warrior
  8847 | D:9      | Reached skill level 10 in Polearms
  9117 | D:10     | Entered Level 10 of the Dungeon
  9120 | D:10     | Reached XP level 11. HP: 77/77 MP: 8/17
  9141 | D:10     | Noticed a hill giant
  9153 | D:10     | Killed a hill giant
  9248 | D:10     | Offered knowledge of Olgreb's Toxic Radiance by Vehumet.
  9303 | D:10     | Identified a scroll of acquirement
  9373 | D:10     | Reached skill level 11 in Polearms
  9601 | D:11     | Found a staircase to the Lair.
  9839 | D:11     | Noticed glau's ghost (powerful HEWz)
  9853 | D:11     | Killed glau's ghost
  9989 | D:11     | Reached skill level 12 in Polearms
 10197 | Lair:1   | Entered Level 1 of the Lair of Beasts
 10509 | Lair:1   | Reached skill level 5 in Fighting
 10571 | Lair:1   | Reached XP level 12. HP: 68/86 MP: 5/18
 11423 | Lair:2   | Reached skill level 5 in Dodging
 12224 | Lair:3   | Noticed an eight-headed hydra
 12236 | Lair:3   | Killed a nine-headed hydra
 12459 | Lair:3   | Noticed a six-headed hydra
 12469 | Lair:3   | Killed an eight-headed hydra
 12469 | Lair:3   | Reached skill level 13 in Polearms
 12545 | Lair:4   | You fall through a shaft for 3 floors!
 12696 | Lair:6   | Offered knowledge of Bolt of Cold by Vehumet.
 12744 | Lair:6   | Noticed a five-headed hydra
 12759 | Lair:6   | Killed a six-headed hydra
 13038 | Lair:6   | Reached skill level 14 in Polearms
 13038 | Lair:6   | Gained mutation: You are in touch with the powers of death. [Mummy growth]
 13038 | Lair:6   | Gained mutation: You can restore your body by infusing magical energy. [Mummy growth]
 13038 | Lair:6   | Reached XP level 13. HP: 87/96 MP: 19/19
 13164 | Lair:5   | Found a staircase to the Swamp.
 13452 | Lair:5   | Offered knowledge of Conjure Ball Lightning by Vehumet.
 14428 | Lair:5   | Found a staircase to the Snake Pit.
 14528 | Lair:5   | You fall through a shaft for 3 floors!
 14528 | Lair:8   | Entered Level 8 of the Lair of Beasts
 15587 | Lair:7   | Noticed a four-headed hydra
 15600 | Lair:7   | Killed a five-headed hydra
 15711 | Lair:7   | Noticed a five-headed hydra
 15732 | Lair:7   | Killed a five-headed hydra
 15732 | Lair:7   | Offered knowledge of Bolt of Fire by Vehumet.
 15740 | Lair:7   | Learned a level 6 spell: Bolt of Fire
 15758 | Lair:7   | Noticed a five-headed hydra
 15765 | Lair:7   | Killed a six-headed hydra
 16764 | Lair:7   | Got a translucent falchion
 16934 | Lair:8   | Found a staircase to the Slime Pits.
 17034 | Lair:8   | Reached XP level 14. HP: 63/108 MP: 5/20
 17321 | Lair:8   | Reached skill level 15 in Polearms
 17678 | Lair:8   | Found a viscous altar of Jiyva.
 17737 | Lair:8   | Reached skill level 10 in Fighting
 18028 | Lair:8   | Offered knowledge of Delayed Fireball by Vehumet.
 18328 | Lair:8   | Identified the +4 falchion of Pride {flame, rF+ rC+ MR+ Int+3} (You found it on level 7 of the Lair of Beasts)
 18344 | Lair:8   | Identified a +4 rod of the swarm (14/14) (You found it on level 8 of the Lair of Beasts)
 18712 | D:12     | Found Wiorgh's General Store.
 18753 | D:12     | Bought a scroll of blinking for 105 gold pieces
 18753 | D:12     | Bought the +1 pair of gloves of Vanity {MP+9 Int-3 Stlth+} for 182 gold pieces
 18947 | D:12     | Found a staircase to the Orcish Mines.
 19208 | Orc:1    | Entered Level 1 of the Orcish Mines
 19894 | Orc:2    | Offered knowledge of Ozocubu's Refrigeration by Vehumet.
 20024 | Orc:1    | Found Jaicuec's Armour Emporium.
 20026 | Orc:1    | Found a roughly hewn altar of Beogh.
 20086 | Orc:1    | Bought a +2 cloak for 181 gold pieces
 20297 | Orc:3    | Found a staircase to the Elven Halls.
 20408 | Orc:3    | Noticed Maud
 20426 | Orc:3    | Killed Maud
 20469 | Orc:3    | Got a smoking plate armour
 20470 | Orc:3    | Identified the +7 plate armour "Hudwise" {MR- Int+10} (You found it on level 3 of the Orcish Mines)
 20592 | Orc:3    | Noticed Rupert
 20737 | Orc:3    | Noticed an orc warlord
 21013 | D:13     | Offered knowledge of Freezing Cloud by Vehumet.
 21088 | D:13     | Found a glowing golden altar of the Shining One.
 21408 | D:13     | You fall through a shaft for 2 floors!
 21408 | D:15     | Entered Level 15 of the Dungeon
 21458 | D:15     | Reached XP level 15. HP: 97/119 MP: 21/21
 21473 | D:15     | Found a staircase to the Depths.
 21473 | D:15     | Noticed a fire giant
 21729 | D:15     | Noticed Nessos
 21738 | D:15     | Killed Nessos
 22437 | D:14     | Found a gate to the Vaults.
 23024 | D:15     | Noticed Roxanne
 23474 | D:15     | Offered knowledge of Fire Storm by Vehumet.
 23474 | D:15     | Offered knowledge of Shatter by Vehumet.
 23474 | D:15     | Offered knowledge of Tornado by Vehumet.
 23655 | Lair:1   | Learned a level 5 spell: Fireball
 23772 | Snake:1  | Entered Level 1 of the Snake Pit
 23842 | Snake:1  | Reached skill level 10 in Dodging
 24182 | Snake:1  | Reached skill level 16 in Polearms
 24641 | Snake:1  | Reached skill level 1 in Armour
 24796 | Snake:2  | Got a scorched trident
 24807 | Snake:1  | Identified the cursed +0 trident "Igaynn" {venom, Int+2} (You found it on level 2 of the Snake Pit)
 24939 | Snake:2  | Reached XP level 16. HP: 74/129 MP: 22/22
 25049 | Snake:2  | Found a deep blue altar of Sif Muna.
 25413 | Snake:2  | Found a glowing golden altar of the Shining One.
 25438 | Snake:3  | Noticed Nikola
 26051 | Snake:4  | Entered Level 4 of the Snake Pit
 26051 | Snake:4  | Noticed Aizul
 26051 | Snake:4  | Noticed Jorgrun
 26702 | Snake:4  | Killed Aizul
 26748 | Snake:3  | Found Pys Yrph's Weapon Boutique.
 26751 | Snake:3  | Got a jewelled buckler
 26752 | Snake:3  | Identified the +6 buckler "Vuitis" {*Confuse MP-9 Str+6} (You found it on level 3 of the Snake Pit)
 26834 | Snake:4  | Killed Jorgrun
 26858 | Snake:4  | Found Kaukkaju's Food Boutique.
 26863 | Snake:4  | Found Wekudd's Gadget Shoppe.
 26945 | Snake:4  | Found Manontic's Food Emporium.
 27099 | Snake:4  | Found Viogipel's Magic Scroll Shop.
 27106 | Snake:4  | Bought a scroll of enchant armour for 120 gold pieces
 27106 | Snake:4  | Bought a scroll of teleportation for 48 gold pieces
 27106 | Snake:4  | Bought a scroll of fog for 32 gold pieces
 27106 | Snake:4  | Bought a scroll of fog for 32 gold pieces
 27187 | Snake:4  | Found a sacrificial altar of Ru.
 27584 | Snake:4  | Reached XP level 17. HP: 119/136 MP: 23/23
 27616 | Snake:4  | Reached skill level 5 in Armour
 28330 | Snake:4  | Noticed Vashnia
 28350 | Snake:4  | Killed Vashnia
 28605 | Snake:4  | Got a serpentine rune of Zot
 29167 | Swamp:1  | Entered Level 1 of the Swamp
 30224 | Swamp:2  | Reached skill level 5 in Spellcasting
 31151 | Swamp:3  | Reached XP level 18. HP: 146/146 MP: 26/26
 31819 | Swamp:4  | Entered Level 4 of the Swamp
 32357 | Swamp:4  | Reached skill level 10 in Conjurations
 32452 | Swamp:4  | Reached skill level 17 in Polearms
 32638 | Swamp:4  | Got a decaying rune of Zot
 33053 | Lair:1   | Learned a level 5 spell: Iskenderun's Battlesphere
 33337 | Orc:4    | Entered Level 4 of the Orcish Mines
 33455 | Orc:4    | Found Raomolef's Jewellery Boutique.
 33530 | Orc:3    | Killed an orc warlord
 33771 | Orc:4    | Found Amen's General Store.
 33779 | Orc:4    | Bought a scroll of teleportation for 45 gold pieces
 33869 | Orc:4    | Found Egrilomnio's Antique Weapon Emporium.
 34128 | Orc:4    | Found Adwodypa's Antique Armour Boutique.
 34138 | Orc:4    | Bought a smoking troll leather armour for 580 gold pieces
 34138 | Orc:4    | Bought a pair of faintly glowing gloves for 275 gold pieces
 34148 | Orc:4    | Identified the +2 pair of gloves of Limited Liability {rF+ Int+4} (You bought it in a shop on level 4 of the Orcish Mines)
 34159 | Orc:4    | Identified the +0 troll leather armour of the Vaults {+Inv Regen+ Dex+3} (You bought it in a shop on level 4 of the Orcish Mines)
 34453 | Orc:4    | Bought a crude leather armour for 203 gold pieces
 34453 | Orc:4    | Bought a brightly glowing ring mail for 261 gold pieces
 34453 | Orc:4    | Bought a pair of glowing gloves for 130 gold pieces
 34483 | Orc:4    | Identified the +1 leather armour "Cuixe" {rElec MR+ Int+2} (You bought it in a shop on level 4 of the Orcish Mines)
 34493 | Orc:4    | Identified the cursed +1 ring mail "Lepnam" {+Fly rPois rCorr Dex-5} (You bought it in a shop on level 4 of the Orcish Mines)
 34551 | Orc:4    | Bought a scroll of torment for 112 gold pieces
 34551 | Orc:4    | Bought a scroll of identify for 30 gold pieces
 34718 | Vaults:1 | Entered Level 1 of the Vaults
 34963 | Vaults:1 | Killed from afar by a battlesphere

Vault maps used:
D:1:      dpeg_arrival_orchard
D:2:      lemuel_crystal_altar, first_bread
D:3:      lemuel_doored_altar
D:4:      okawaru_altar_gauntlet_db, vehumet_crystals, roderic_batcave,
          minmay_parallelograms, fedhas_altar_4
D:5:      kennysheep_little_box, minmay_misc_feat_hallway
D:6:      temple_doors_e, uniq_sigmund
D:7:      kennysheep_generic_room_11
D:8:      elyvilon_altar_3, serial_shops, shop, enter_bailey_2, grunt_pizzeria,
          uniq_grum, uniq_prince_ribbit1
D:9:      wad_crossroads, yredelemnul_altar_generic, evilmike_butchery
D:10:     serial_corexii_hall, corexii_hall_statues_s, corexii_hall_statues_s
D:11:     dpeg_lair_monsters
D:12:     david_orc_4, serial_shops, shop
D:13:     tso_metal_star
D:14:     david_vaults_4, minmay_misc_feat_ornament
D:15:     grunt_enter_depths_giant_problem, serial_park_avenue1, uniq_roxanne,
          uniq_nessos
Lair:1:   beast_lair_carwin_large_2, minmay_hedge_maze
Lair:2:   bh_autumn_forest_stairs, lemuel_fruit_fields, grunt_megastairs_4
Lair:3:   beast_lair_carwin_6
Lair:4:   lemuel_fruit_tree, serial_bayou_shore_a
Lair:5:   minmay_swamp_entry_worms, guppyfry_snake_entry_island,
          lemuel_fruit_fields, infiniplex_staircase_pool, grunt_megastairs_2
Lair:7:   minmay_lair_oklob_tunnel
Lair:8:   due_jungle_book, slime_altar_1, serial_bayou_pond_c
Swamp:1:  hangedman_swamp_ruin_wall, swamp_pool1
Swamp:2:  hangedman_swamp_lotus, swamp_pool1
Swamp:3:  evilmike_swamp_ruin_house_5
Swamp:4:  grunt_swamp_rune_castle, swamp_pool2, infiniplex_staircase_pool_2
Snake:1:  serial_bayou_ford_a, grunt_ministairs_12
Snake:2:  hangedman_feature_mirror, serial_bayou_shore_b
Snake:3:  serial_shops, shop, uniq_nikola
Snake:4:  snake_pit, serial_shops, shop_fountains, nicolae_shop_statue_plus,
          shop, shop, basic_altar, corexii_hall_statues_i, uniq_vashnia,
          uniq_aizul, uniq_jorgrun
Orc:1:    serial_shops, nicolae_shop_window_shopping, basic_altar
Orc:2:    abandoned_shop
Orc:3:    nicolae_orc_pool_cavern, minmay_orc_keep, uniq_maud, uniq_rupert
Orc:4:    grunt_orc_gardens, grunt_orc_garden, grunt_orc_garden,
          grunt_orc_garden, grunt_orc_garden, nicolae_orc_stony_grotto
Vaults:1: st_eye, vaults_room_ringed_pool, v_alt_pattern_1,
          vaults_standard_mumra_lines, vaults_dpeg_ring, v_misc_1,
          nicolae_vaults_alarming, v_misc_1, vaults_dpeg_diagonal,
          nicolae_vaults_sealed_display
Bailey:   bailey_polearm_2, bailey

Action                   |  1- 3 |  4- 6 |  7- 9 | 10-12 | 13-15 | 16-18 || total
-------------------------+-------+-------+-------+-------+-------+-------++-------
Melee: Whip              |    23 |       |       |       |       |       ||    23
       Spear             |    38 |   104 |   262 |       |       |       ||   404
       Dagger            |       |       |    26 |       |       |       ||    26
       Glaive            |       |       |    45 |   464 |  1222 |  1236 ||  2967
 Fire: Blowgun           |       |       |    16 |    11 |    25 |    26 ||    78
Throw: Stone             |    33 |    17 |    92 |     4 |     9 |    17 ||   172
       Tomahawk          |       |       |       |       |       |     2 ||     2
 Cast: Flame Tongue      |    53 |    53 |   165 |    87 |    97 |    93 ||   548
       Throw Flame       |     2 |     8 |    14 |       |       |       ||    24
       Conjure Flame     |       |     2 |    25 |    39 |    41 |    33 ||   140
       Sticky Flame      |       |       |    21 |    67 |   124 |   107 ||   319
       Fireball          |       |       |       |       |     9 |    66 ||    75
       Bolt of Fire      |       |       |       |       |       |    54 ||    54
Evoke: Wand              |       |       |       |       |     5 |    15 ||    20
       Phial of floods   |       |       |       |       |     2 |     3 ||     5
       Lamp of fire      |       |       |       |       |     2 |     1 ||     3
       Fan of gales      |       |       |       |       |       |     1 ||     1
  Use: Scroll            |     1 |       |     7 |    11 |    14 |    19 ||    52
 Stab: Sleeping          |     3 |     1 |     4 |    19 |    27 |     9 ||    63
       Distracted        |       |       |     2 |     1 |     1 |     6 ||    10
       Paralysed         |       |       |       |       |     2 |       ||     2
       Fleeing           |       |       |       |       |       |     1 ||     1
